[Event "Team 45 45 League 2006 Invitational"]
[Site "Internet Chess Club"]
[Date "2006.11.08"]
[Round "2"]
[White "kamu"]
[Black "Sean"]
[Result "1-0"]
[WhiteElo "1679"]
[BlackElo "1635"]
[TimeControl "2700+45"]

1. d4 Nf6 2. c4 g6 3. Nc3 Bg7 4. Nf3 d6 5. g3 O-O 6. Bg2 Nbd7 7. O-O e5 8. e4 exd4 9. Nxd4 Re8 10. h3 a6 11. b3 Rb8 12. Be3 Qe7 13. f3 c5 14. Nde2 b5 15. Bf4 Ne5 16. cxb5 axb5 17. Bg5 h6 18. Nd5 Qd8 19. Nxf6+ Bxf6 20. Bxh6 g5 21. f4 Ng6 22. Bxg5 Bxg5 23. fxg5 Re5 24. Rf6 Be6 25. Nf4 Rxg5 26. Rxe6 fxe6 27. Nxe6 Qf6 28. Nxg5 Qxg5 29. Qxd6 Rd8 30. Qc7 Rd2 31. a4 Qe3+ 32. Kh1 Qf2 33. Rg1 bxa4 34. bxa4 Ra2 35. e5 Qxg3 36. Bd5+ {Black resigns} 1-0

[Event "Team 45 45 League 2006 Invitational"]
[Site "Internet Chess Club"]
[Date "2006.11.09"]
[Round "2"]
[White "AlPearson"]
[Black "Mutaant"]
[Result "0-1"]
[WhiteElo "1474"]
[BlackElo "1514"]
[TimeControl "2700+45"]

1. e4 e5 2. Nf3 Nc6 3. Bb5 Bc5 4. c3 Qf6 5. d4 exd4 6. e5 Nxe5 7. Qe2 dxc3 8. Bg5 cxb2 9. Bxf6 bxa1=Q 10. Qxe5+ Qxe5+ 11. Bxe5 f6 12. Bxc7 Ne7 13. Ke2 O-O 14. Rd1 Nc6 15. Bc4+ Kh8 16. Nc3 Re8+ 17. Kf1 a6 18. a4 d6 19. Bxd6 Bxd6 20. Rxd6 Bg4 21. Be2 Rad8 22. Rd1 Rxd1+ 23. Bxd1 Ne5 24. h3 Bxf3 25. gxf3 Rc8 26. Ne4 f5 27. Ng3 g6 28. f4 Nd3 29. Bf3 Rc7 30. Ne2 b6 31. Kg2 Rc4 32. a5 bxa5 33. Bb7 Nxf4+ 34. Nxf4 Rxf4 35. Bxa6 a4 36. Bb7 a3 37. Bd5 Ra4 38. h4 a2 39. Bxa2 Rxa2 40. Kf3 Kg7 41. Kf4 Kf6 42. Kg3 h6 43. Kf3 g5 44. hxg5+ hxg5 45. Kg3 Ke5 46. Kf3 Ra3+ 47. Ke2 Ke4 48. Kd2 Kf3 49. Ke1 Ra1+ 50. Kd2 Kxf2 {White resigns} 0-1

[Event "Team 45 45 League 2006 Invitational"]
[Site "Internet Chess Club"]
[Date "2006.11.09"]
[Round "2"]
[White "parrot9"]
[Black "Spirou"]
[Result "1-0"]
[WhiteElo "1685"]
[BlackElo "1687"]
[TimeControl "2700+45"]

1. e4 e5 2. Nf3 Nf6 3. Nxe5 d6 4. Nf3 Nxe4 5. d4 d5 6. Bd3 Nc6 7. O-O Bg4 8. c3 Bd6 9. h3 Bh5 10. Re1 f5 11. Nbd2 O-O 12. Qb3 Kh8 13. Qxb7 Be8 14. Nf1 Rb8 15. Qa6 Rb6 16. Qa4 Ne5 17. Qd1 Nxd3 18. Qxd3 Bb5 19. Qc2 c5 20. dxc5 Bxc5 21. Be3 Bxe3 22. Nxe3 f4 23. Ng4 h5 24. Nge5 g5 25. Nxg5 Qxg5 26. f3 Qxe5 27. fxe4 f3 28. exd5 Qxd5 29. Qf2 Rg6 30. Rad1 Rxg2+ 31. Qxg2 fxg2 32. Rxd5 Rf1+ 33. Kxg2 Rxe1 34. Rxh5+ Kg7 35. Rxb5 Kg6 36. Kf3 Rh1 37. Kg2 Rd1 38. c4 Rd4 39. c5 Rc4 40. Kf3 Kf6 41. Ra5 Ke6 42. a3 Kd5 43. b4 Rh4 44. Kg3 Rh7 45. h4 Kc6 46. Kg4 Kb7 47. Rb5+ Kc6 48. a4 Rd7 49. h5 a6 50. Rb6+ Kc7 51. Rxa6 Rd4+ 52. Kg5 Rxb4 53. h6 Rb8 54. Kg6 Rg8+ 55. Kf7 Rg3 56. h7 Rh3 57. Kg7 Kb7 58. Rh6 Rg3+ 59. Rg6 {Black resigns} 1-0

[Event "Team 45 45 League 2006 Invitational"]
[Site "Internet Chess Club"]
[Date "2006.11.10"]
[Round "2"]
[White "izit"]
[Black "Guinness"]
[Result "0-1"]
[WhiteElo "2201"]
[BlackElo "2340"]
[TimeControl "2700+45"]

1. e4 Nc6 2. d4 e5 3. d5 Nce7 4. Bg5 h6 5. Be3 Ng6 6. Qd2 Nf6 7. f3 a5 8. Ne2 Be7 9. Ng3 Nh4 10. Nc3 Bb4 11. a3 Bxc3 12. Qxc3 d6 13. Qd2 Bd7 14. Bc4 O-O 15. O-O Qe7 16. Ba2 Kh7 17. b4 axb4 18. axb4 g5 19. c4 b6 20. Qd3 Ng6 21. c5 bxc5 22. bxc5 Nf4 23. Qc4 Ra4 24. Qb3 Rfa8 25. c6 Bc8 26. Bxf4 gxf4 27. Ne2 Nh5 28. Nc3 Ra3 29. Qb2 f5 30. Nb5 R3a5 31. Bc4 fxe4 32. fxe4 Qg7 33. Be2 f3 34. Bxf3 Nf4 35. Kh1 Bg4 36. Rxa5 Bxf3 37. Rxf3 Rxa5 38. Rg3 Qf7 39. h3 Nxh3 40. Nxc7 Qf1+ 41. Kh2 Nf2 42. Rb3 Qh1+ 43. Kg3 Nxe4+ 44. Kf3 Ng5+ 45. Kf2 Ra1 46. Qe2 Qh4+ 47. Ke3 Qd4# {White checkmated} 0-1

[Event "Team 45 45 League 2006 Invitational"]
[Site "Internet Chess Club"]
[Date "2006.11.10"]
[Round "2"]
[White "Cataclysm"]
[Black "fabill"]
[Result "1-0"]
[WhiteElo "1228"]
[BlackElo "1169"]
[TimeControl "2700+45"]

1. e4 e6 2. d4 a6 3. a4 c6 4. Nc3 d6 5. Nf3 Nd7 6. Bd3 h6 7. Be3 Be7 8. Qd2 Ngf6 9. h3 c5 10. e5 Nd5 11. Nxd5 exd5 12. e6 fxe6 13. Bg6+ Kf8 14. h4 Bf6 15. c3 c4 16. Bf4 e5 17. Bg3 Ke7 18. Qe2 e4 19. O-O-O Nf8 20. h5 Nxg6 21. hxg6 Bf5 22. Rde1 Bxg6 23. Nh4 Bh7 24. f4 Kf7 25. f5 Qa5 26. Qh5+ Ke7 27. Qd1 b5 28. b3 Qxc3+ 29. Kb1 Qxg3 30. bxc4 dxc4 31. Rxe4+ Kd7 32. Rh3 Qg5 33. g4 g6 34. Nf3 Qxf5 35. gxf5 gxf5 36. Ne5+ Kc7 37. Rf4 Bg5 38. Nf7 Rhe8 39. Nxg5 hxg5 40. Rxh7+ Kb6 {Black resigns} 1-0

[Event "Team 45 45 League 2006 Invitational"]
[Site "Internet Chess Club"]
[Date "2006.11.11"]
[Round "2"]
[White "BrerRabbit"]
[Black "Kingofknights"]
[Result "0-1"]
[WhiteElo "1573"]
[BlackElo "1676"]
[TimeControl "2700+45"]

1. d4 d5 2. c4 c6 3. Nf3 Nf6 4. e3 Bg4 5. Qb3 Qc7 6. Ne5 Bf5 7. Nc3 Nbd7 8. cxd5 Nxe5 9. dxe5 Nxd5 10. Nxd5 cxd5 11. Qxd5 Be6 12. Bb5+ Bd7 13. Bxd7+ Qxd7 14. Qxd7+ Kxd7 15. b3 e6 16. Bb2 Bb4+ 17. Ke2 Rhd8 18. Rhd1+ Ke7 19. Rxd8 Rxd8 20. Rd1 Rc8 21. Rc1 Rxc1 22. Bxc1 b5 23. Kd3 Kd7 24. Bd2 Be7 25. f4 Kc6 26. e4 h5 27. h3 Bd8 28. b4 Be7 29. Kd4 g6 30. g4 hxg4 31. hxg4 Bh4 32. Be3 Be1 33. a3 a5 34. bxa5 Bxa5 35. f5 Bd8 36. Bd2 Bb6+ 37. Kd3 Bf2 38. Bb4 Bg3 39. Bd6 Kb6 40. Ke2 Ka5 41. Kd3 Ka4 42. Ke2 Bf4 43. Kd1 Kb3 44. Ke2 Bc1 45. Kd3 Bxa3 46. Kd4 Bc1 47. Kc5 b4 48. Kc6 Kc4 49. Kd7 b3 50. fxg6 fxg6 51. Kxe6 b2 52. Kf7 b1=Q 53. e6 Qxe4 54. e7 Qd5+ 55. Kg7 Bb2+ 56. Kh6 Qf7 57. g5 Qg7# {White checkmated} 0-1

[Event "Team 45 45 League 2006 Invitational"]
[Site "Internet Chess Club"]
[Date "2006.11.11"]
[Round "2"]
[White "Rubacchus"]
[Black "BosqueVerde"]
[Result "0-1"]
[WhiteElo "1378"]
[BlackElo "1265"]
[TimeControl "2700+45"]

1. e4 e6 2. d4 d5 3. Nc3 Bb4 4. Ne2 c5 5. Be3 Nc6 6. a3 Bxc3+ 7. bxc3 cxd4 8. cxd4 Nge7 9. Qd3 Bd7 10. Ng3 O-O 11. Be2 Rc8 12. O-O Na5 13. f4 Nc4 14. Bc1 dxe4 15. Nxe4 Nf5 16. Rf3 b5 17. g4 Nh4 18. Rh3 e5 19. Ng5 f5 20. Rxh4 e4 21. Qg3 Rf6 22. Rxh7 Qb6 23. Be3 Nxe3 24. Qxe3 fxg4 25. Qxe4 Bf5 26. Qe3 Bxh7 27. Nxh7 Kxh7 28. Bxg4 Rxc2 29. Qd3+ g6 30. Qxc2 Qxd4+ 31. Kg2 Qxa1 32. Qc7+ Kh6 33. Qd8 Rxf4 34. Qh4+ Kg7 35. Qe7+ Rf7 36. Qg5 Qxa3 37. Bh5 Qb2+ 38. Kg3 Qf6 39. Kg4 Qxg5+ 40. Kxg5 gxh5 41. Kxh5 b4 42. h4 b3 43. Kg5 Rf6 44. h5 b2 45. h6+ Rxh6 46. Kg4 b1=Q {White resigns} 0-1

[Event "Team 45 45 League 2006 Invitational"]
[Site "Internet Chess Club"]
[Date "2006.11.11"]
[Round "2"]
[White "Invicta-Knight"]
[Black "Zyme"]
[Result "0-1"]
[WhiteElo "1445"]
[BlackElo "1471"]
[TimeControl "2700+45"]

1. e4 e6 2. d4 d5 3. e5 c5 4. c3 Nc6 5. Nf3 Bd7 6. a3 f6 7. Bf4 Qb6 8. b4 cxd4 9. cxd4 g5 10. Be3 g4 11. Nfd2 fxe5 12. Qxg4 O-O-O 13. dxe5 Qc7 14. f4 Bh6 15. Be2 Nxe5 16. Qh5 Qc1+ 17. Bd1 Nd3+ 18. Ke2 Nxf4+ 19. Bxf4 Bxf4 20. a4 Bxd2 21. Qe5 Ne7 22. Nxd2 Qc7 23. Qxc7+ Kxc7 24. Rc1+ Kd6 25. Kd3 Rc8 26. Bg4 Rxc1 27. Rxc1 Bxa4 28. Re1 Bb5+ 29. Kc3 Rc8+ 30. Kb3 Bd7 31. Nf3 Rc4 32. Ne5 Rc7 33. Nf7+ Kc6 34. Nd8+ Kb5 35. Nxe6 Bxe6 36. Bxe6 d4 37. Re5+ Kb6 38. Bc4 Rd7 39. Rb5+ Kc7 40. Rc5+ Kb8 41. Bd3 Nc6 42. Rh5 Rg7 43. g3 Re7 44. Rxh7 Re3 45. Kc4 Nxb4 46. Rh8+ Kc7 47. Rh7+ Kb6 48. Rh6+ Ka5 49. Rh5+ Ka4 50. Bf5 d3 51. Bd7+ Ka3 52. Ra5+ Kb2 53. Rxa7 Re4+ 54. Kc5 d2 {White resigns} 0-1

[Event "Team 45 45 League 2006 Invitational"]
[Site "Internet Chess Club"]
[Date "2006.11.11"]
[Round "2"]
[White "Havoc"]
[Black "Tomate"]
[Result "1-0"]
[WhiteElo "1551"]
[BlackElo "1464"]
[TimeControl "2700+45"]

1. e4 e5 2. d4 exd4 3. Qxd4 Nc6 4. Qa4 Nf6 5. Bb5 Bc5 6. Nf3 O-O 7. O-O Bb6 8. Re1 a6 9. Nc3 Ng4 10. Re2 Nce5 11. Nxe5 Nxe5 12. Bf4 d6 13. Rd1 Qh4 14. Bg3 Qh5 15. Bxe5 dxe5 16. Red2 Bg4 17. Be2 Bxe2 18. Nxe2 f5 19. Ng3 Bxf2+ 20. Kxf2 fxe4+ 21. Kg1 Qg4 22. Nxe4 Rf4 23. Rd8+ Kf7 24. Qe8# {Black checkmated} 1-0

[Event "Team 45 45 League 2006 Invitational"]
[Site "Internet Chess Club"]
[Date "2006.11.11"]
[Round "2"]
[White "QuaqQuao"]
[Black "Warpdrive"]
[Result "0-1"]
[WhiteElo "1674"]
[BlackElo "1577"]
[TimeControl "2700+45"]

1. Nf3 Nf6 2. c4 g6 3. Nc3 Bg7 4. g3 d5 5. d4 c6 6. cxd5 cxd5 7. Bg2 O-O 8. O-O Nc6 9. Bf4 e6 10. Re1 Nh5 11. Bg5 Qb6 12. Na4 Qb4 13. Bd2 Qd6 14. Bc3 b6 15. Rc1 f5 16. a3 Ba6 17. Ne5 Nxe5 18. dxe5 Qd7 19. e4 fxe4 20. Rxe4 Qf7 21. Re1 Qxf2+ 22. Kh1 Rac8 23. Rc2 Qf7 24. Bb4 Rxc2 25. Qxc2 Rc8 26. Qd2 Bf8 27. Bd6 Ng7 28. Re3 Nf5 29. Rf3 Qd7 30. Bxf8 Rxf8 31. Nc3 Qc7 32. g4 Ng7 33. Rf6 Qxe5 34. Nxd5 Rxf6 35. Ne7+ Kf7 36. Nc6 Qc7 37. g5 Rf5 38. Nd8+ Kf8 39. Qb4+ Qc5 40. Qd2 Bc4 41. Bc6 Bd5+ 42. Bxd5 Qxd5+ 43. Qxd5 Rxd5 44. Nc6 Rd1+ 45. Kg2 Rd2+ 46. Kg3 Rxb2 47. Nxa7 Rb3+ 48. Kf4 Rxa3 49. Nb5 Ra4+ 50. Kf3 Ra5 51. Nc3 {White resigns} 0-1

[Event "Team 45 45 League 2006 Invitational"]
[Site "Internet Chess Club"]
[Date "2006.11.11"]
[Round "2"]
[White "Aquaman"]
[Black "charles-allen"]
[Result "0-1"]
[WhiteElo "1506"]
[BlackElo "1652"]
[TimeControl "2700+45"]

1. c4 Nf6 2. g3 c6 3. d4 d5 4. Nc3 e6 5. Bg2 Bd6 6. c5 Bc7 7. Nf3 Nbd7 8. O-O O-O 9. b4 Qe7 10. a3 e5 11. dxe5 Nxe5 12. Ra2 Re8 13. e3 Bg4 14. h3 Nxf3+ 15. Bxf3 Bxh3 16. Re1 Bf5 17. Kg2 Rad8 18. Ne2 Be4 19. Nd4 Bxf3+ 20. Nxf3 Qe4 21. Qd4 Re7 22. Qxe4 Nxe4 23. Rh1 h6 24. Bb2 Ng5 25. Nd4 Kh7 26. Nf5 Re6 27. Bxg7 Ne4 28. Bxh6 Kg6 29. Nd4 Rh8 30. Nxe6 fxe6 31. Bf4 Rxh1 32. Kxh1 e5 33. f3 Nc3 34. Rc2 Nb1 35. a4 exf4 36. gxf4 d4 37. exd4 Bxf4 38. Rg2+ Kf7 39. Rg4 Bd2 40. b5 Nc3 41. bxc6 bxc6 42. Kg2 Nxa4 43. d5 Nxc5 44. Rd4 Ba5 45. dxc6 Bc7 46. Kh3 Ke6 47. Rg4 Kd5 48. f4 Kxc6 49. f5 Nd7 50. Rc4+ Kd6 51. Rd4+ Ke7 52. Kg4 Ne5+ 53. Kh5 Kf6 {White forfeits on time} 0-1

[Event "Team 45 45 League 2006 Invitational"]
[Site "Internet Chess Club"]
[Date "2006.11.11"]
[Round "2"]
[White "GadsHill"]
[Black "alaskauk"]
[Result "1/2-1/2"]
[WhiteElo "1547"]
[BlackElo "1532"]
[TimeControl "2700+45"]

1. d4 d5 2. c4 e6 3. Nc3 Nf6 4. cxd5 Nxd5 5. e4 Nxc3 6. bxc3 Be7 7. Nf3 b6 8. Bd3 Bb7 9. O-O a6 10. Re1 O-O 11. Bb2 c5 12. Rc1 cxd4 13. cxd4 Nd7 14. Qe2 b5 15. Rc2 Rc8 16. Rec1 Rxc2 17. Rxc2 Qb6 18. Bc1 Rc8 19. Be3 Rxc2 20. Qxc2 Qc6 21. Qxc6 Bxc6 22. e5 Bd5 23. Bb1 a5 24. Nd2 a4 25. f3 Nb6 26. Ne4 Nc4 27. Kf2 Na3 28. Bd3 Bxa2 29. Nc3 Bc4 30. Bxc4 bxc4 31. Nxa4 Bb4 32. Nc5 Nc2 33. Ke2 g6 34. Ne4 Kg7 35. Nd6 c3 36. Nc4 Na3 37. Nxa3 Bxa3 38. Kd3 Bb2 39. Kc2 Kf8 40. d5 exd5 41. Bd4 Ke7 42. g4 Ke6 43. f4 h5 44. h3 hxg4 45. hxg4 Ba3 46. Bxc3 Bc5 47. Kd3 Be7 48. Ke3 Bd8 49. Bd4 Be7 50. Kd3 Bf8 51. Be3 Be7 52. Kd4 Bb4 53. Kd3 {Game drawn by mutual agreement} 1/2-1/2

[Event "Team 45 45 League 2006 Invitational"]
[Site "Internet Chess Club"]
[Date "2006.11.12"]
[Round "2"]
[White "WzeroMN"]
[Black "WilmaP"]
[Result "0-1"]
[WhiteElo "1219"]
[BlackElo "1117"]
[TimeControl "2700+45"]

1. e4 c5 2. Nf3 e6 3. d4 cxd4 4. Nxd4 a6 5. Nc3 Nf6 6. Bg5 d6 7. Bc4 Be7 8. Qf3 O-O 9. O-O-O Nbd7 10. h4 Qc7 11. Bb3 b5 12. Qg3 Re8 13. Bh6 Nh5 14. Qg4 g6 15. Bxe6 Ndf6 16. Bxf7+ Kxf7 17. Qe2 Bg4 18. Nf3 Nf4 19. Bxf4 Nh5 20. Ng5+ Bxg5 21. Qxg4 Bxf4+ 22. Kb1 Be5 23. Qf3+ Kg7 24. Qd3 Nf4 25. Qf3 Rac8 26. Qg4 h5 27. Qf3 Red8 28. g3 Ne6 29. Rd3 b4 30. Ne2 Qxc2+ {White resigns} 0-1

[Event "Team 45 45 League 2006 Invitational"]
[Site "Internet Chess Club"]
[Date "2006.11.12"]
[Round "2"]
[White "qs16"]
[Black "kingfischer57"]
[Result "1-0"]
[WhiteElo "1749"]
[BlackElo "1749"]
[TimeControl "2700+45"]

1. e4 e6 2. d4 d5 3. Nd2 Nf6 4. e5 Nfd7 5. Bd3 c5 6. c3 Nc6 7. Ne2 cxd4 8. cxd4 Qb6 9. Nf3 f6 10. exf6 Nxf6 11. O-O Bd6 12. Re1 O-O 13. a3 Bd7 14. h3 Rac8 15. b4 a6 16. Be3 Na7 17. Ne5 Bb5 18. Nf4 Rfe8 19. Ng4 Bxd3 20. Nxf6+ gxf6 21. Qxd3 Qb5 22. Qd1 Rc7 23. Nh5 Rf8 24. Bh6 Re8 25. Qg4+ Kh8 26. Bg7+ Kg8 27. Bxf6+ Kf8 28. Bg7+ Kf7 29. Qf3+ Ke7 30. Nf6 Kd8 31. Nxe8 Qxe8 32. Qg4 Kd7 33. Re2 Nc6 34. Rae1 Nd8 35. Bf6 Kc8 36. Bxd8 Qxd8 37. Rxe6 Kb8 38. Re8 {Black resigns} 1-0

[Event "Team 45 45 League 2006 Invitational"]
[Site "Internet Chess Club"]
[Date "2006.11.12"]
[Round "2"]
[White "Qualm"]
[Black "Wheels"]
[Result "1/2-1/2"]
[WhiteElo "1819"]
[BlackElo "1697"]
[TimeControl "2700+45"]

1. e4 e5 2. Nf3 Nc6 3. Bc4 Bc5 4. b4 Bxb4 5. c3 Ba5 6. O-O Nf6 7. Ba3 d6 8. d4 exd4 9. e5 dxe5 10. Qb3 Be6 11. Bxe6 fxe6 12. Qxe6+ Ne7 13. Nxe5 Rf8 14. Re1 Ng8 15. Nc6 {Game drawn by mutual agreement} 1/2-1/2

[Event "Team 45 45 League 2006 Invitational"]
[Site "Internet Chess Club"]
[Date "2006.11.12"]
[Round "2"]
[White "azbycx"]
[Black "Boromir"]
[Result "0-1"]
[WhiteElo "1972"]
[BlackElo "1973"]
[TimeControl "2700+45"]

1. d4 d5 2. c4 dxc4 3. Nf3 Nf6 4. e3 e6 5. Bxc4 c5 6. O-O a6 7. Qe2 b5 8. Bb3 Bb7 9. Rd1 Nbd7 10. Nbd2 Qb6 11. Bc2 Be7 12. b3 cxd4 13. Nxd4 Rc8 14. Bb2 e5 15. Re1 exd4 16. exd4 O-O 17. Bxh7+ Kxh7 18. Qxe7 Rfe8 19. Qxf7 Bd5 20. Rxe8 Rxe8 {White resigns} 0-1

[Event "Team 45 45 League 2006 Invitational"]
[Site "Internet Chess Club"]
[Date "2006.11.12"]
[Round "2"]
[White "TheBrewer"]
[Black "upturnedcircle"]
[Result "0-1"]
[WhiteElo "1622"]
[BlackElo "1991"]
[TimeControl "2700+45"]

1. d4 d5 2. Nf3 e6 3. Nbd2 Nf6 4. e3 c5 5. c3 Nc6 6. Bd3 Bd6 7. O-O O-O 8. dxc5 Bxc5 9. e4 e5 10. exd5 Qxd5 11. Bc2 Be6 12. Bb3 Qd7 13. Bxe6 Qxe6 14. Qc2 Rad8 15. Ne4 Nxe4 16. Qxe4 f5 17. Qc2 h6 18. a3 e4 19. Nd2 Kh8 20. Nb3 Bb6 21. Re1 Ne5 22. Bf4 Nd3 23. Re2 Nxf4 {White resigns} 0-1

[Event "Team 45 45 League 2006 Invitational"]
[Site "Internet Chess Club"]
[Date "2006.11.12"]
[Round "2"]
[White "pokerram"]
[Black "Avedldesierto"]
[Result "1-0"]
[WhiteElo "1689"]
[BlackElo "1714"]
[TimeControl "2700+45"]

1. e4 e5 2. Nf3 Nc6 3. Bb5 a6 4. Ba4 b5 5. Bb3 Nd4 6. Nxd4 exd4 7. d3 d6 8. O-O Nf6 9. Bg5 h6 10. Bxf6 Qxf6 11. f4 Be6 12. Qf3 Bxb3 13. axb3 g5 14. e5 Qd8 15. fxg5 Rh7 16. e6 Be7 17. exf7+ Kf8 18. g6 Rg7 19. Qh5 Bg5 20. h4 Be3+ 21. Kh1 Rxg6 22. Rf3 Rf6 23. Na3 Rxf3 24. gxf3 c6 25. c3 Qd7 26. Qg4 Qxf7 27. Nc2 Qf6 28. cxd4 Bf4 29. Rg1 Re8 30. Qg8+ Ke7 31. Re1+ Be5 32. Qg4 Kf7 33. dxe5 dxe5 34. Ne3 Rg8 35. Qd7+ Kf8 36. Qc8+ Kf7 37. Qd7+ Kf8 38. Nf5 Rg6 39. Rg1 Rxg1+ 40. Kxg1 a5 41. Qd6+ Kf7 42. Qxf6+ Kxf6 43. Nxh6 Kg6 44. Ng4 Kh5 45. Nxe5 c5 46. Kf2 Kxh4 47. Ke3 Kg5 48. Ke4 {Black resigns} 1-0

[Event "Team 45 45 League 2006 Invitational"]
[Site "Internet Chess Club"]
[Date "2006.11.12"]
[Round "2"]
[White "Conjurer"]
[Black "katabatico"]
[Result "1-0"]
[WhiteElo "1256"]
[BlackElo "1270"]
[TimeControl "2700+45"]

1. e4 e5 2. Nf3 Nc6 3. d4 exd4 4. Nxd4 Bc5 5. Nxc6 Qf6 6. f3 Qxc6 7. Nc3 d6 8. Bb5 Qxb5 9. Nxb5 Bb6 10. Be3 Bxe3 11. Nxc7+ Kf8 12. Qxd6+ {Black resigns} 1-0

[Event "Team 45 45 League 2006 Invitational"]
[Site "Internet Chess Club"]
[Date "2006.11.12"]
[Round "2"]
[White "Just-Jim"]
[Black "Fogbound"]
[Result "1-0"]
[WhiteElo "1474"]
[BlackElo "1335"]
[TimeControl "2700+45"]

1. c4 e5 2. Nc3 Bb4 3. Ne4 Nf6 4. Nxf6+ Qxf6 5. a3 Be7 6. e4 Nc6 7. Nf3 d6 8. h3 Qg6 9. d3 a6 10. Be3 O-O 11. Qd2 f5 12. exf5 Bxf5 13. O-O-O b6 14. g4 Bd7 15. Be2 Na5 16. Kb1 Ba4 17. Rdf1 Nb3 18. Qc3 c5 19. Nd2 Na5 20. b3 Bc6 21. f3 Rad8 22. Qb2 Bf6 23. Ne4 d5 24. Nxf6+ Qxf6 25. b4 Nb7 26. b5 axb5 27. cxb5 Be8 28. h4 Nd6 29. Bg5 Qg6 30. Bxd8 Nc4 31. Qc3 Bxb5 32. Ka2 Rxd8 33. dxc4 d4 34. Qb3 Ba6 35. Rb1 Rb8 36. a4 Qf7 37. a5 d3 38. Bxd3 Qxf3 39. Bxh7+ Kxh7 40. Qxf3 Bxc4+ 41. Ka3 b5 42. Qf5+ Kg8 43. Qxe5 b4+ 44. Ka4 Bb5+ 45. Kb3 Re8 46. Qxc5 Bd7 47. Qd5+ Be6 48. Qxe6+ Rxe6 49. Kxb4 Re4+ 50. Kb5 Rxg4 51. a6 Rf4 52. Rb4 Rf2 53. a7 Ra2 54. Kb6 Ra3 55. Kb7 Ra5 56. a8=Q+ Rxa8 57. Kxa8 Kh7 58. Rg4 g6 59. Rhg1 Kh6 60. Rxg6+ Kh5 61. Ra6 Kxh4 62. Rb1 {Black resigns} 1-0

[Event "Team 45 45 League 2006 Invitational"]
[Site "Internet Chess Club"]
[Date "2006.11.12"]
[Round "2"]
[White "GrandPoobah069"]
[Black "Theodulf"]
[Result "0-1"]
[WhiteElo "1737"]
[BlackElo "1769"]
[TimeControl "2700+45"]

1. e4 e5 2. Nf3 Nf6 3. Nxe5 d6 4. Nf3 Nxe4 5. d4 d5 6. Bd3 Be7 7. O-O Nc6 8. Re1 Bg4 9. c3 f5 10. Nbd2 O-O 11. Qc2 Nxd2 12. Nxd2 Qd7 13. Nf1 Rae8 14. Bf4 Nd8 15. Ne3 Ne6 16. Nxf5 Nxf4 17. Nxe7+ Rxe7 18. Bxh7+ Kh8 19. Bd3 Rfe8 20. Kf1 Nxd3 21. Qxd3 Be2+ 22. Rxe2 Rxe2 23. b3 Qe6 24. Qd1 Rb2 25. Qh5+ Kg8 26. Qe5 Qa6+ {White resigns} 0-1

[Event "Team 45 45 League 2006 Invitational"]
[Site "Internet Chess Club"]
[Date "2006.11.12"]
[Round "2"]
[White "tourettes"]
[Black "Rainbird"]
[Result "0-1"]
[WhiteElo "1823"]
[BlackElo "1800"]
[TimeControl "2700+45"]

1. e4 c5 2. Nc3 Nc6 3. g3 g6 4. Bg2 Bg7 5. Nge2 d6 6. O-O e5 7. d3 Nge7 8. f4 O-O 9. h3 f5 10. fxe5 dxe5 11. Bg5 Bf6 12. Qd2 Qb6 13. exf5 Bxg5 14. Qxg5 Bxf5 15. Nd5 Nxd5 16. Bxd5+ Kh8 17. g4 c4+ 18. Kg2 cxd3 19. gxf5 dxe2 20. f6 exf1=Q+ 21. Rxf1 Nd4 22. f7 Nf5 23. Re1 h6 24. Qd2 Rad8 25. c4 Rxf7 26. Rxe5 Qf6 27. Qc3 Nh4+ 28. Kh1 Qf1+ 29. Kh2 Qf4+ 30. Kh1 Qf1+ 31. Kh2 Rf2+ 32. Kg3 Qg1+ 33. Kxh4 Rf4# {White checkmated} 0-1

[Event "Team 45 45 League 2006 Invitational"]
[Site "Internet Chess Club"]
[Date "2006.11.12"]
[Round "2"]
[White "carolinaknight"]
[Black "JimGaming"]
[Result "0-1"]
[WhiteElo "1252"]
[BlackElo "1337"]
[TimeControl "2700+45"]

1. e4 e5 2. Nf3 Nc6 3. Bc4 Bc5 4. Nc3 Nf6 5. d3 d6 6. Ng5 O-O 7. O-O Nd4 8. Be3 a6 9. a3 b5 10. Ba2 Bg4 11. Qd2 c6 12. h3 Bd7 13. b4 Bb6 14. f4 Nxc2 15. Qxc2 Bxe3+ 16. Kh1 Bxf4 17. Nf3 Be3 18. Nd1 Bb6 19. Nf2 Nh5 20. Kh2 Kh8 21. Qd2 h6 22. Qe2 f5 23. Nd2 Qg5 24. Nf3 Qxg2+ 25. Kxg2 Nf4+ 26. Kh2 Nxe2 27. Nh4 Kh7 28. exf5 Bxf5 29. Rad1 Bd7 30. Rd2 Bxf2 31. Bb1 Bg3+ 32. Kg2 Bxh4 33. d4+ Kg8 34. Rxe2 Bxh3+ 35. Kxh3 Rxf1 36. Be4 Bg5 37. Bxc6 Rc8 38. Bd5+ Kf8 39. Bg2 Rc3+ 40. Kh2 Bf4# {White checkmated} 0-1

[Event "Team 45 45 League 2006 Invitational"]
[Site "Internet Chess Club"]
[Date "2006.11.12"]
[Round "2"]
[White "Fineas-Fogg"]
[Black "dougmo"]
[Result "0-1"]
[WhiteElo "1424"]
[BlackElo "1544"]
[TimeControl "2700+45"]

1. e4 e6 2. Nf3 d5 3. d3 dxe4 4. dxe4 Qxd1+ 5. Kxd1 Bc5 6. Ke2 Nc6 7. g3 Nf6 8. Nc3 Ng4 9. Be3 Nxe3 10. fxe3 Bd7 11. a3 a6 12. Rd1 Rd8 13. Bg2 O-O 14. Nd4 Ne5 15. b4 Ba7 16. a4 c5 17. bxc5 Bxc5 18. Nb3 Bb4 19. Na2 Be7 20. a5 Bb5+ 21. Kf2 Rxd1 22. Rxd1 Rd8 23. Nc3 Rxd1 24. Nxd1 Ng4+ 25. Kg1 Bg5 26. e5 Nxe3 27. Nxe3 Bxe3+ 28. Kh1 Bc6 29. Bxc6 bxc6 30. Kg2 Kf8 31. Kf3 Ba7 32. Ke4 Ke7 33. c4 f5+ 34. exf6+ gxf6 35. c5 Bb8 36. Nd4 Kd7 37. Kf3 Bc7 38. Nb3 e5 39. Ke4 Ke6 40. g4 h6 41. h3 Bd8 42. h4 Bc7 43. h5 Bd8 44. g5 fxg5 45. Kf3 Kf5 46. Kg3 Ke4 47. Kg4 Kd3 48. Nc1+ Kc4 49. Kf5 Kxc5 50. Nd3+ Kd4 51. Nxe5 Kd5 52. Nf7 Bxa5 53. Nxh6 Bc3 54. Nf7 a5 55. Nxg5 a4 56. Ne4 Bb2 57. Nd2 a3 58. Nb3 a2 59. Kf4 a1=Q 60. Nxa1 Bxa1 61. Ke3 Ke6 62. Kd3 Kd5 63. h6 c5 64. Kc2 Kc4 65. h7 Bh8 66. Kc1 Kc3 67. Kd1 Kb2 68. Kd2 c4 {White resigns} 0-1

[Event "Team 45 45 League 2006 Invitational"]
[Site "Internet Chess Club"]
[Date "2006.11.12"]
[Round "2"]
[White "furrbrain"]
[Black "wekabird"]
[Result "0-1"]
[WhiteElo "1284"]
[BlackElo "1239"]
[TimeControl "2700+45"]

1. e4 c6 2. Nc3 d5 3. d3 dxe4 4. Nxe4 Bf5 5. Be3 Qc7 6. g3 Nd7 7. Bg2 Bxe4 8. Bxe4 Ngf6 9. Bg2 Rd8 10. h3 b6 11. Ne2 e5 12. O-O Be7 13. Nc3 O-O 14. a3 a6 15. b4 c5 16. bxc5 Nxc5 17. Bd2 Ncd7 18. a4 Bb4 19. Qe1 Bxc3 20. Bxc3 Rfe8 21. Qd2 h6 22. a5 b5 23. Bb4 Nc5 24. Qc3 Rc8 25. f4 exf4 26. Rxf4 Na4 27. Qd2 Qxc2 28. Qxc2 Rxc2 29. d4 Ree2 30. Bf1 Re3 31. Be1 Ne4 32. Rd1 Nxg3 33. d5 Nxf1 34. Kxf1 Rxh3 35. Rf2 Rc8 36. d6 Nc5 37. Rc2 Rh5 38. d7 Rd8 39. Bf2 Rxd7 40. Rxd7 Nxd7 41. Rc8+ Kh7 42. Ra8 Nc5 43. Bxc5 Rxc5 44. Rxa6 f5 45. Rb6 Rc1+ 46. Kg2 Rc2+ 47. Kf3 Ra2 48. a6 b4 49. Ke3 b3 50. Rxb3 Rxa6 51. Kf4 Rf6 52. Rg3 g5+ 53. Kf3 f4 54. Rg4 Kg6 55. Rg1 h5 {White resigns} 0-1

[Event "Team 45 45 League 2006 Invitational"]
[Site "Internet Chess Club"]
[Date "2006.11.13"]
[Round "2"]
[White "Orforded"]
[Black "jocooper"]
[Result "1-0"]
[WhiteElo "1121"]
[BlackElo "1128"]
[TimeControl "2700+45"]

1. e4 d6 2. Nf3 Nf6 3. Nc3 g6 4. d4 Bg7 5. Bc4 O-O 6. O-O c5 7. d5 Bg4 8. h3 Bh5 9. g4 Bxg4 10. hxg4 Nxg4 11. Ng5 Ne5 12. b3 Nbd7 13. Bd2 Nf6 14. f4 Neg4 15. Be2 Qd7 16. Ne6 fxe6 17. Bxg4 Nxg4 18. Qxg4 Rf7 19. Qxe6 Qxe6 20. dxe6 Rf6 21. f5 a6 22. Nd5 Rff8 23. Bc3 Bd4+ 24. Bxd4 cxd4 25. Nxe7+ Kg7 26. Rad1 b5 27. Rxd4 Ra7 28. Nc6 Rc7 29. Rxd6 Rfc8 30. Rd7+ Kf6 31. Rxc7 Rxc7 32. e7 Kf7 33. Ne5+ Kxe7 34. f6+ Kf8 35. c4 b4 36. c5 a5 37. c6 g5 38. Rd1 Rc8 39. c7 Ke8 40. f7+ Ke7 41. Rd7+ Ke6 42. Rd8 Rxc7 43. f8=Q Rc1+ 44. Kf2 Rc2+ 45. Ke3 Rc3+ 46. Kd2 {Black resigns} 1-0